 Dungeon Crawl Stone Soup version 0.16.2-12-gd0ad4c3 (webtiles) character file.

1733 HANFGEIST the Nimble (level 8, -3/36 HPs)
             Began as a Spriggan Air Elementalist on Oct 8, 2015.
             Was a Believer of Nemelex Xobeh.
             Slain by an orc warrior
             ... wielding a +0 glaive
              (20 damage)
             ... on level 7 of the Dungeon.
             The game lasted 00:31:47 (5954 turns).

HANFGEIST the Nimble (Spriggan Air Elementalist)    Turns: 5954, Time: 00:31:48

Health: -3/36      AC:  3    Str:  4    XL:     8   Next: 76%
Magic:  19/20      EV: 26    Int: 18    God:    Nemelex Xobeh [**....]
Gold:   251        SH:  0    Dex: 17    Spells: 4 memorised, 3 levels left

rFire  . . .     SeeInvis +     n - +0 hunting sling
rCold  . . .     Clarity  .     N - +1 robe {MR+}
rNeg   . . .     SustAb   .     (shield restricted)
rPois  .         Gourm    .     (helmet restricted)
rElec  .         Spirit   .     (no cloak)
rCorr  .         Warding  .     (gloves unavailable)
rMut   .         Stasis   .     (boots unavailable)
MR     ++...                    (no amulet)
Stlth  +++.......               t - ring of wizardry
                                (no ring)

@: very quick, very resistant to hostile enchantments, fairly stealthy
A: unfitting armour, see invisible, herbivore 3, speed 3, slow metabolism 2
a: Renounce Religion


You were on level 7 of the Dungeon.
You worshipped Nemelex Xobeh.
Nemelex Xobeh was pleased with you.
You were not hungry.

You visited 1 branch of the dungeon, and saw 7 of its levels.

You collected 306 gold pieces.
You spent 55 gold pieces at shops.

Inventory:

Hand weapons
 f - a +2 short sword of holy wrath
 n - a +0 hunting sling (weapon)
 y - a +2 falchion of holy wrath
 K - a +2 dagger of electrocution
 O - a +2 dagger of protection
Missiles
 g - 16 poisoned needles
 m - 33 sling bullets (quivered)
 p - 13 silver sling bullets
 E - 12 sling bullets of frost
 F - 6 tomahawks
 I - 5 exploding sling bullets
Armour
 G - a +1 robe of cold resistance
 N - a +1 robe of magic resistance (worn)
Jewellery
 t - a ring of wizardry (right hand)
Magical devices
 s - a wand of confusion (0)
 u - a wand of frost (8)
 Q - a wand of frost (32)
Scrolls
 e - a scroll of enchant armour
 j - a scroll of recharging {unknown}
 l - a scroll of blinking
 o - 6 scrolls of identify
 q - 2 scrolls of magic mapping {unknown}
 x - 2 scrolls of immolation {unknown}
 C - a scroll of amnesia {unknown}
 J - a scroll of teleportation {unknown}
Potions
 d - 2 potions of curing
 h - a potion of cancellation {unknown}
 i - 2 potions of restore abilities {unknown}
 r - 2 potions of ambrosia {unknown}
 v - a potion of brilliance {unknown}
 z - a potion of heal wounds {unknown}
 B - a potion of magic {unknown}
 D - a potion of flight {unknown}
 L - 4 potions of might {unknown}
 P - a potion of poison {unknown}
Books
 b - a book of Air

   Spells                             Type                      Level
   a - Shock                          Conjuration/Air              1
   b - Swiftness                      Charms/Air                   2
   c - Repel Missiles                 Charms/Air                   2
   d - Flight                         Charms/Air                   3
   e - Static Discharge               Conjuration/Air              3
   f - Lightning Bolt                 Conjuration/Air              5
 w - a book of the Tempests

   Spells                             Type                      Level
   a - Static Discharge               Conjuration/Air              3
   b - Lightning Bolt                 Conjuration/Air              5
   c - Fireball                       Conjuration/Fire             5
   d - Tornado                        Air                          9
   e - Shatter                        Earth                        9
Miscellaneous
 a - a legendary deck of destruction {drawn: 3}
 A - a plain deck of escape
 H - a plain deck of destruction {drawn: 1}
 R - a plain deck of escape
Comestibles
 c - 6 bread rations
 k - a fruit
 M - a royal jelly


   Skills:
 + Level 10.1 Dodging
 - Level 3.0 Stealth
 - Level 2.6 Spellcasting
 + Level 4.9 Conjurations
 + Level 6.2 Air Magic


You had 3 spell levels left.
You knew the following spells:

 Your Spells              Type           Power        Failure   Level  Hunger
a - Shock                 Conj/Air       ###.         1%          1    #......
b - Repel Missiles        Chrm/Air       ##....       4%          2    ##.....
c - Flight                Chrm/Air       ##........   7%          3    ###....
d - Static Discharge      Conj/Air       ###.....     2%          3    ###....


Dungeon Overview and Level Annotations

Branches:
Dungeon (7/15)             Temple (0/1) D:7

Altars:
Dithmenos
Elyvilon
Gozag
Nemelex Xobeh
Sif Muna
Vehumet
Zin

Shops:
D:5 ?   D:6 }


Innate Abilities, Weirdness & Mutations

You are tiny and cannot use many weapons and most armour.
You have supernaturally acute eyesight.
You are a herbivore.
You cover ground extremely quickly.
You need consume almost no food.


Message History

You shoot a sling bullet. The sling bullet hits the orc warrior.
The orc warrior is moderately wounded.
The orc wizard casts a spell at you. The magic dart hits you!
Firing (i - inventory. (,) - cycle):
m - 35 sling bullets (quivered)
Press: ? - help, Shift-Dir - straight line, f/p - orc wizard
Aim: an orc wizard, wielding a dagger and wearing a robe (severely wounded, fast)
You shoot a sling bullet. The sling bullet hits the orc wizard.
The orc wizard is almost dead.
The orc warrior completely misses you.
Firing (i - inventory. (,) - cycle):
m - 34 sling bullets (quivered)
Press: ? - help, Shift-Dir - straight line, f/p - orc wizard
Aim: an orc wizard, wielding a dagger and wearing a robe (almost dead, fast)
You shoot a sling bullet.
The sling bullet barely misses the orc wizard.
The orc wizard hits you with a dagger.
The orc warrior hits you from afar with a glaive!!
Ouch! That really hurt!
You die...
Your body disappears without a glow.

##........##..##.(.(.
##..........##.))......
#............#(#
##..........(...#
##..........(....#
##b..........(....#
#)...........b....##
##........oo......b#
##......@.b......[#
###...<.........##
###..........##
##..b..>..## ####....##
###.## .# ##


You could see an orc warrior and an orc wizard.

Vanquished Creatures
  An orc warrior (D:6)
  A sky beast (D:5)
  A phantom (D:5)
  2 ogres (D:4)
  A big kobold (D:6)
  A gnoll sergeant (D:5)
  A scorpion (D:6)
  2 crimson imps
  2 hounds (D:6)
  An orc priest (D:4)
  A giant frog skeleton (D:5)
  2 jellies (D:6)
  10 orc wizards
  6 worker ants
  An iguana (D:5)
  Natasha (thrice) (D:3)
  Ijyb (D:2)
  A hound skeleton (D:4)
  7 gnolls
  11 adders
  A shadow imp (D:6)
  A giant mite (D:6)
  A worm (D:4)
  An adder zombie (D:5)
  2 adder skeletons
  4 giant geckos
  An ooze (D:4)
  23 orcs
  3 ball pythons
  12 bats
  A bat skeleton (D:5)
  4 giant cockroaches
  11 goblins
  8 hobgoblins
  2 jackals (D:6)
  12 kobolds
  7 quokkas
  7 giant newts
  2 jackal zombies
  16 rats
175 creatures vanquished.

Vanquished Creatures (others)
  An orc (D:6)
1 creature vanquished.

Grand Total: 176 creatures vanquished

Notes
Turn   | Place    | Note
--------------------------------------------------------------
     0 | D:1      | HANFGEIST, the Spriggan Air Elementalist, began the quest for the Orb.
     0 | D:1      | Reached XP level 1. HP: 9/9 MP: 4/4
   150 | D:1      | Reached skill level 1 in Conjurations
   150 | D:1      | Reached XP level 2. HP: 5/13 MP: 0/7
   271 | D:1      | Reached skill level 4 in Dodging
   903 | D:2      | Reached XP level 3. HP: 12/16 MP: 7/9
   906 | D:2      | Noticed Ijyb
  1059 | D:2      | Found a shadowy altar of Dithmenos.
  1120 | D:2      | Reached skill level 5 in Dodging
  1322 | D:2      | Killed Ijyb
  1322 | D:2      | Reached XP level 4. HP: 5/21 MP: 2/12
  1496 | D:3      | Found a sparkling altar of Nemelex Xobeh.
  1497 | D:3      | Found a glowing silver altar of Zin.
  1498 | D:3      | Found a radiant altar of Vehumet.
  1540 | D:3      | Found a deep blue altar of Sif Muna.
  1540 | D:3      | Found an opulent altar of Gozag.
  1551 | D:3      | Became a worshipper of Nemelex Xobeh the Trickster
  1695 | D:3      | Noticed Natasha
  1748 | D:3      | Killed Natasha
  1854 | D:3      | Noticed Natasha
  1877 | D:3      | Killed Natasha
  1882 | D:3      | Reached XP level 5. HP: 24/24 MP: 10/14
  1897 | D:3      | Learned a level 2 spell: Repel Missiles
  1901 | D:3      | Learned a level 3 spell: Flight
  2088 | D:3      | Noticed Natasha
  2092 | D:3      | Killed Natasha
  2134 | D:3      | Learned a level 3 spell: Static Discharge
  2185 | D:3      | Received a gift from Nemelex Xobeh
  2358 | D:4      | Noticed an ogre
  2408 | D:4      | Killed an ogre
  2408 | D:4      | Reached skill level 6 in Dodging
  2408 | D:4      | Reached XP level 6. HP: 28/28 MP: 4/17
  2509 | D:4      | Noticed an ogre
  2515 | D:4      | Killed an ogre
  2710 | D:4      | Reached skill level 7 in Dodging
  2734 | D:5      | Entered Level 5 of the Dungeon
  2747 | D:5      | Reached XP level 7. HP: 12/32 MP: 3/19
  3088 | D:4      | Found a white marble altar of Elyvilon.
  3671 | D:5      | Received a gift from Nemelex Xobeh
  3851 | D:5      | Reached skill level 5 in Air Magic
  4103 | D:5      | Reached skill level 8 in Dodging
  4111 | D:5      | Found Fruiplui's Magic Scroll Boutique.
  4120 | D:5      | Bought a scroll of remove curse for 33 gold pieces
  4120 | D:5      | Bought a scroll of identify for 22 gold pieces
  4555 | D:5      | Reached XP level 8. HP: 13/36 MP: 5/20
  4759 | D:5      | Received a gift from Nemelex Xobeh
  5009 | D:6      | Reached skill level 9 in Dodging
  5049 | D:6      | Found Ydwirabit's Gadget Shop.
  5649 | D:6      | Found a white marble altar of Elyvilon.
  5688 | D:6      | Reached skill level 10 in Dodging
  5910 | D:7      | Found a staircase to the Ecumenical Temple.
  5926 | D:7      | Received a gift from Nemelex Xobeh
  5954 | D:7      | Slain by an orc warrior

Action                   |  1- 3 |  4- 6 |  7- 9 || total
-------------------------+-------+-------+-------++-------
Melee: Club              |     5 |       |       ||     5
       Dagger            |     1 |       |    16 ||    17
       Short sword       |    82 |    45 |    70 ||   197
       Falchion          |       |       |     6 ||     6
 Fire: Hunting sling     |       |       |   150 ||   150
Throw: Tomahawk          |       |       |     6 ||     6
 Cast: Shock             |    57 |    92 |    96 ||   245
       Repel Missiles    |       |     1 |       ||     1
       Static Discharge  |       |       |    14 ||    14
Evoke: Deck              |       |       |     4 ||     4
  Use: Scroll            |       |     2 |     3 ||     5
       Potion            |       |       |     1 ||     1
 Stab: Sleeping          |     4 |     2 |     2 ||     8
  Eat: Fruit             |       |       |     3 ||     3
       Pizza             |       |       |     1 ||     1
